 Dungeon Crawl Stone Soup version 0.21-a0-513-gdcb3f5e (webtiles) character file.

80 slep the Chopper (level 4, 0/38 HPs)
             Began as a Hill Orc Gladiator on Dec 2, 2017.
             Slain by a worm (5 damage)
             ... on level 2 of the Dungeon.
             The game lasted 00:03:27 (1171 turns).

slep the Chopper (Hill Orc Gladiator)               Turns: 1171, Time: 00:03:27

Health: 0/38       AC:  5    Str: 17    XL:     4   Next: 39%
Magic:  4/4        EV: 12    Int:  8    God:
Gold:   98         SH:  0    Dex: 12    Spells: 3/3 levels left

rFire    + . .     SeeInvis .   a - +0 war axe
rCold    . . .     Gourm    .   (no shield)
rNeg     . . .     Faith    .   b - +0 leather armour
rPois    .         Spirit   .   c - +0 helmet
rElec    .         Reflect  .   (no cloak)
rCorr    .         Harm     .   (no gloves)
MR       .....     Rnd*Tele +   k - +0 pair of boots
Stlth    +.........             (no amulet)
HPRegen  0.12/turn              h - ring of teleportation (curse)
MPRegen  0.09/turn              q - ring of protection from fire

@: no status effects
A: no striking features
a: no special abilities


You were on level 2 of the Dungeon.
You were not hungry.

You visited 1 branch of the dungeon, and saw 2 of its levels.

You collected 98 gold pieces.

Inventory:

Hand Weapons
 a - a +0 war axe (weapon)
Missiles
 d - 3 throwing nets (quivered)
Armour
 b - a +0 leather armour (worn)
 c - a +0 helmet (worn)
 k - a +0 pair of boots (worn)
Jewellery
 h - a cursed ring of teleportation (left hand)
 q - a ring of protection from fire (right hand)
Scrolls
 e - a scroll of immolation {unknown}
 l - a scroll of amnesia {unknown}
 m - a scroll of blinking {unknown}
 p - a scroll of magic mapping {unknown}
 r - a scroll of identify {unknown}
Potions
 i - a potion of resistance {unknown}
 j - a potion of might {unknown}
 n - a potion of haste {unknown}
Comestibles
 f - a bread ration
 g - a meat ration
 o - 3 fruits
 s - a chunk of flesh


   Skills:
 + Level 3.0 Fighting
 + Level 5.4 Axes
 + Level 2.0 Throwing
 + Level 1.2 Armour
 + Level 2.8 Dodging


You had 3 spell levels left.
You didn't know any spells.

Dungeon Overview and Level Annotations

Branches:
Dungeon (2/15)

Altars:


Message History

You slash the hobgoblin!
You kill the hobgoblin!
Things that are here:
a club; a hobgoblin corpse A worm comes into view.
You see here a robe.
You see here a scroll labeled ABREDO ZEINE.
You hit the worm.
The worm is moderately wounded.
The worm misses you.
You barely miss the worm.
The worm is moderately wounded.
The worm bites you!
* * * LOW HITPOINT WARNING * * *
You hit the worm.
The worm is moderately wounded.
You slash the worm!
The worm is almost dead.
The worm bites you.
You die...

.... #...##.##.###
.....
.....#...##.##.#
......
....#...##.##.#
...... #..'....(.# .#
..... #.##..(####
#...#######'##)..#
####................#
#...........w.<....##
#........[?.@......#
#......)†..........#
#.........##########
#............
#..............
#.).............
#####........###
#........# #....[.).#


You could see a worm.

Vanquished Creatures
  3 adders (D:2)
  A worm (D:2)
  3 dart slugs
  3 giant cockroaches
  7 goblins
  2 hobgoblins
  9 jackals (D:1)
  5 bats
  4 frilled lizards
  3 kobolds
  7 rats
47 creatures vanquished.

Notes
Turn   | Place    | Note
-------+----------+-------------------------------------------
     0 | D:1      | slep the Hill Orc Gladiator began the quest for the Orb.
     0 | D:1      | Reached XP level 1. HP: 18/18 MP: 1/1
    66 | D:1      | Reached XP level 2. HP: 23/25 MP: 2/2
   399 | D:1      | Reached XP level 3. HP: 20/30 MP: 3/3
  1038 | D:2      | Reached skill level 1 in Armour
  1064 | D:2      | Reached skill level 5 in Axes
  1085 | D:2      | Reached XP level 4. HP: 24/38 MP: 4/4
  1171 | D:2      | Slain by a worm

Vault maps used:
D:1:      lightli_arrival_maybe_door_vault
D:2:      kennysheep_the_goblin_king, eino_tiny_chamber

Skill      XL: |  1  2  3 |
---------------+----------+-----
Throwing       | 2 |  2.0
Armour         | 1 |  1.2
Axes           | 5 |  5.4
Fighting       | 3 |  3.0
Dodging        | |  2.8

Action                   |  1- 3 |  4- 6 || total
-------------------------+-------+-------++-------
Melee: War axe           |   121 |    27 ||   148
  Eat: Chunk             |       |     1 ||     1
Armor: Leather armour    |    54 |    14 ||    68
Dodge: Dodged            |   105 |    23 ||   128

Table legend:
 A = Spawn XP
 B = Non-spawn XP
 C = Spawn XP percentage of total XP
 D = Spawn monster count
 E = Non-spawn monster count
 F = Spawn count percentage of total count
 G = Total turns spent on level
                    A         B        C        D         E        F      G
               +---------+---------+-------+---------+---------+-------+---------
         Total |       0 |     115 |   0.0 |       0 |      47 |   0.0 |  1171
               +---------+---------+-------+---------+---------+-------+---------
           D:1 |       0 |      53 |   0.0 |       0 |      32 |   0.0 |   988
           D:2 |       0 |      62 |   0.0 |       0 |      15 |   0.0 |   183
               +---------+---------+-------+---------+---------+-------+---------
